 Dungeon Crawl Stone Soup version 0.20-a0-870-g4070442 (webtiles) character file.

4964 theRoog the Cleaver (level 10, -2/86 (88) HPs)
             Began as a Minotaur Berserker on Mar 10, 2017.
             Was a High Priest of Trog.
             Killed from afar by Erolcha (16 damage)
             ... with a bolt of cold
             ... on level 8 of the Dungeon on Mar 13, 2017.
             The game lasted 00:12:26 (7127 turns).

theRoog the Cleaver (Minotaur Berserker)            Turns: 7127, Time: 00:12:28

HP:   -2/86 (88)    AC: 12    Str: 25    XL:     10   Next: 28%
MP:   9/9           EV: 12    Int:  4    God:    Trog [*****.]
Gold: 384           SH: 12    Dex: 10    Spells: 9/9 levels left

rFire    x . .     SeeInvis .   p - +0 war axe
rCold    + . .     Gourm    .   A - +0 scale mail
rNeg     . . .     Faith    .   G - +2 shield
rPois    .         Spirit   .   (helmet restricted)
rElec    .         Reflect  .   I - +0 cloak
rCorr    .         Harm     .   d - +1 pair of gloves
MR       .....                  (no boots)
Stlth    ..........             (no amulet)
Regen    0.3/turn               j - ring of ice
MPRegen  0.2/turn               g - +2 ring of evasion

@: exhausted, slowed, very slow
A: retaliatory headbutt, horns 2
a: Berserk, Trog's Hand, Brothers in Arms, Burn Spellbooks, Renounce Religion


You were on level 8 of the Dungeon.
You worshipped Trog.
Trog was extremely pleased with you.
You were not hungry.

You visited 1 branch of the dungeon, and saw 9 of its levels.

You collected 384 gold pieces.

Inventory:

Hand Weapons
 a - a +0 hand axe
 p - a +0 war axe (weapon)
 y - a +0 long sword of freezing
Missiles
 m - 8 curare-tipped needles
Armour
 b - a +0 animal skin
 d - a +1 pair of gloves (worn)
 n - a +0 ring mail
 r - a scarf of spirit shield
 A - a +0 scale mail (worn)
 C - the +2 helmet "Ikuvymeigh" {rPois rF+ rC- Dex+3, unknown}
   (You found it on level 5 of the Dungeon)

   It affects your dexterity (+3).
   It protects you from fire.
   It makes you vulnerable to cold.
   It protects you from poison.
 G - a +2 shield (worn)
 I - a +0 cloak (worn)
Jewellery
 g - a +2 ring of evasion (left hand)
 j - a ring of ice (right hand)
 D - a cursed ring of magical power {unknown}
 E - a cursed -4 ring of protection {unknown}
 F - a +2 amulet of reflection {unknown}
 K - an uncursed ring of resist corrosion {unknown}
 M - a cursed amulet of inaccuracy {unknown}
 P - an uncursed amulet of faith {unknown}
Wands
 N - a wand of lightning (8/15)
 O - a wand of confusion (17/48)
Scrolls
 h - 4 scrolls of teleportation {unknown}
 i - 5 scrolls of remove curse {unknown}
 k - 2 scrolls of recharging {unknown}
 t - 3 scrolls of fog {unknown}
 v - 3 scrolls of identify {unknown}
 w - 2 scrolls of amnesia {unknown}
 B - a scroll of blinking {unknown}
 L - a scroll of enchant armour {unknown}
Potions
 c - 2 potions of lignification {unknown}
 e - 3 potions of brilliance
 f - a potion of ambrosia {unknown}
 o - 2 potions of curing {unknown}
 q - 3 potions of might
 s - a potion of heal wounds
 u - 4 potions of agility {unknown}
 x - 2 potions of resistance {unknown}
 J - 2 potions of magic {unknown}
 Q - a potion of degeneration {unknown}
 R - a potion of cancellation {unknown}
Books
 H - a Young Poisoner's Handbook

   Spells                             Type                      Level
   a - Sting                          Conjuration/Poison           1
   b - Poisonous Vapours              Poison/Air                   2
   c - Mephitic Cloud                 Conjuration/Poison/Air       3
   d - Olgreb's Toxic Radiance        Poison                       4
   e - Venom Bolt                     Conjuration/Poison           5
   Trog disapproves of the use of such an item.
Comestibles
 l - 6 bread rations
 z - 6 royal jellies
 S - a meat ration


   Skills:
 + Level 8.1 Fighting
 + Level 6.2 Long Blades
 + Level 10.8 Axes
 + Level 9.1 Armour
 + Level 5.4 Dodging
 + Level 1.2 Stealth
 + Level 4.2 Shields


You had 9 spell levels left.
You didn't know any spells.

Dungeon Overview and Level Annotations

Branches:
Dungeon (9/15)             Temple (0/1) D:4             Orc (0/2) D:9
   Lair: D:8-11

Altars:
Fedhas
Gozag
Kikubaaqudgha
Okawaru
Qazlal
Ru
Uskayaw
Vehumet
Wu Jian
Xom

Shops:
D:4 !   D:5 ?   D:6 !   D:8 %

Annotations:
D:8 Erolcha


Innate Abilities, Weirdness & Mutations

You reflexively headbutt those who attack you in melee.
You have a pair of horns on your head.


Message History

You feel your anger subside. Erolcha hits you but does no damage.
You climb upwards.
You are no longer berserk.
You are exhausted.
You feel yourself slow down.
There is a stone staircase leading down here.
Okay, then.
Your iron troll goes berserk!
You feel somewhat more hungry. Erolcha misses you. You block Erolcha's attack.
Erolcha barely misses your iron troll.
Your iron troll bites Erolcha!
Your iron troll claws Erolcha!
Your iron troll barely misses Erolcha.
Erolcha hits your iron troll with a giant club.
Your iron troll bites Erolcha!
Your iron troll claws Erolcha!!
Your iron troll barely misses Erolcha.
Erolcha gestures at your iron troll while chanting.
The bolt of cold hits your iron troll.
Your iron troll resists.
The bolt of cold hits you! You resist.
You die...

############
#..........#
#..........#
#..........#
#..........#
#..........#
#.....)....#
#....>.....####
#..@.TO.......#
#.............#
#.............#
#.............#
#.............######
#######.............
#)รท[..........
#).)..........
#.............


You could see Erolcha and a friendly iron troll (berserk).

Vanquished Creatures
  The ghost of notsosimplebreeze the Shield-Bearer, an amateur HOFi of Elyvilon (D:4)
  Grinder (D:3)
  A hippogriff (D:8)
  A human (D:8)
  A yak (D:8)
  3 hogs (D:8)
  A hungry ghost (D:9)
  A two-headed ogre zombie (D:9)
  An ice beast (D:9)
  An orc warrior (D:9)
  A sky beast (D:8)
  A black bear (D:6)
  3 phantoms
  A centaur (D:7)
  2 necrophages
  An ogre (D:4)
  Blork the orc (D:4)
  A crocodile (D:8)
  2 bullfrogs (D:6)
  4 scorpions
  6 killer bees (D:9)
  8 wights (D:8)
  3 howler monkeys
  4 crimson imps
  2 bullfrog zombies (D:5)
  A jelly (D:8)
  4 hounds
  2 orc priests
  Jessica (D:2)
  2 iguanas
  Ijyb (D:2)
  Natasha (twice) (D:4)
  5 orc wizards
  5 worker ants
  7 ogre zombies (D:9)
  A hound zombie (D:8)
  A hound skeleton (D:6)
  3 worker ant zombies
  Robin (D:3)
  2 howler monkey zombies
  3 gnolls (D:2)
  11 adders
  A shadow imp (D:8)
  An adder skeleton (D:6)
  A dart slug (D:1)
  A worm (D:4)
  6 leopard geckos
  27 orcs
  5 ball pythons
  10 bats
  3 giant cockroaches
  7 hobgoblins
  4 jackals
  11 kobolds
  3 quokkas
  8 frilled lizards
  14 goblins
  2 goblin skeletons (D:9)
  A goblin zombie (D:9)
  A hobgoblin skeleton (D:9)
  2 hobgoblin zombies (D:9)
  2 leopard gecko skeletons
  A leopard gecko zombie (D:5)
  An orc skeleton (D:9)
  16 orc zombies (D:9)
  3 quokka zombies
  7 rats
242 creatures vanquished.

Notes
Turn   | Place    | Note
-------+----------+-------------------------------------------
     0 | D:1      | theRoog the Minotaur Berserker began the quest for the Orb.
     0 | D:1      | Reached XP level 1. HP: 19/19 MP: 0/0
   256 | D:1      | Reached XP level 2. HP: 26/27 MP: 1/1
   351 | D:1      | Reached skill level 4 in Axes
   508 | D:1      | Reached ** piety under Trog
   594 | D:1      | Reached XP level 3. HP: 33/33 MP: 2/2
   988 | D:2      | Reached XP level 4. HP: 13/41 MP: 3/3
  1431 | D:2      | Reached skill level 5 in Axes
  1519 | D:2      | Noticed Ijyb
  1524 | D:2      | Killed Ijyb
  1553 | D:2      | Noticed Jessica
  1557 | D:2      | Killed Jessica
  1557 | D:2      | Reached XP level 5. HP: 47/47 MP: 4/4
  1987 | D:3      | Reached *** piety under Trog
  2145 | D:3      | Noticed Grinder
  2145 | D:3      | Paralysed by Grinder for 7 turns
  2152 | D:3      | Noticed Robin
  2159 | D:3      | Killed Robin
  2159 | D:3      | Killed Grinder
  2159 | D:3      | Reached skill level 5 in Fighting
  2159 | D:3      | Reached skill level 6 in Axes
  2159 | D:3      | Reached XP level 6. HP: 55/56 MP: 3/5
  2480 | D:4      | Noticed notsosimplebreeze's ghost (amateur HOFi)
  2519 | D:4      | Killed notsosimplebreeze's ghost
  2519 | D:4      | Reached skill level 7 in Axes
  2519 | D:4      | Reached skill level 5 in Armour
  2519 | D:4      | Reached XP level 7. HP: 28/61 MP: 4/6
  2569 | D:4      | Found Ciadghair's Distillery.
  2631 | D:4      | Found a staircase to the Ecumenical Temple.
  2679 | D:4      | Noticed Blork the orc
  2690 | D:4      | Killed Blork the orc
  2696 | D:4      | Noticed Natasha
  2701 | D:4      | Killed Natasha
  2711 | D:4      | Reached **** piety under Trog
  2711 | D:4      | Reached skill level 8 in Axes
  3128 | D:4      | Reached XP level 8. HP: 64/70 MP: 5/7
  3171 | D:4      | Noticed Natasha
  3177 | D:4      | Killed Natasha
  3430 | D:5      | Entered Level 5 of the Dungeon
  3454 | D:5      | Reached skill level 1 in Long Blades
  3628 | D:5      | Got a twisted helmet
  3676 | D:5      | Found Jeotsi's Magic Scroll Shoppe.
  3868 | D:5      | Reached skill level 9 in Axes
  4342 | D:6      | Found an iron altar of Okawaru.
  4384 | D:6      | Found Eloef's Distillery.
  4843 | D:6      | Found a sacrificial altar of Ru.
  4847 | D:6      | Found an opulent altar of Gozag.
  4849 | D:6      | Found a radiant altar of Vehumet.
  4850 | D:6      | Found a stormy altar of Qazlal.
  4850 | D:6      | Found an iron altar of Okawaru.
  4850 | D:6      | Found a shimmering altar of Xom.
  4851 | D:6      | Found an ornate altar of the Wu Jian Council.
  4853 | D:6      | Found a hide-covered altar of Uskayaw.
  4854 | D:6      | Found a blossoming altar of Fedhas.
  4913 | D:7      | Reached skill level 5 in Long Blades
  4913 | D:7      | Reached skill level 1 in Shields
  4913 | D:7      | Reached XP level 9. HP: 70/77 MP: 8/8
  4995 | D:7      | Reached ***** piety under Trog
  5468 | D:7      | Upgraded the game from 0.20-a0-850-ge5a7832 to 0.20-a0-870-g4070442
  5656 | D:8      | Found Jemumeub's Food Shop.
  5709 | D:8      | Found an ancient bone altar of Kikubaaqudgha.
  5845 | D:8      | Received a gift from Trog
  6209 | D:8      | Reached skill level 5 in Dodging
  6357 | D:8      | Reached skill level 1 in Stealth
  6499 | D:8      | Reached skill level 10 in Axes
  6502 | D:8      | Reached XP level 10. HP: 67/84 MP: 9/9
  6592 | D:9      | Found a staircase to the Orcish Mines.
  6976 | D:9      | Found an opulent altar of Gozag.
  7114 | D:9      | Noticed Erolcha
  7127 | D:8      | Killed from afar by Erolcha

Vault maps used:
D:1:      dpeg_arrival_court, serial_bayou, serial_bayou_pond_a,
          serial_bayou_lagoon_a, serial_bayou_pond_a, serial_bayou_pond_e,
          serial_bayou_pond_b
D:2:      kennysheep_big_flooded_room, first_bread, uniq_jessica, uniq_iyjb
D:3:      uniq_robin, uniq_grinder
D:4:      minmay_temple_entry_steel_oval, serial_shops, shop, st_stairs_13,
          minmay_tree_intersection, uniq_blork_the_orc, uniq_natasha
D:5:      corexii_shack_village, serial_shops, kennysheep_mini_moat
D:6:      minitemple, serial_curves, eino_curves_03, eino_curves_03,
          serial_shops, shop, okawaru_gym_becter
D:8:      basic_altar, serial_shops, nicolae_shop_waterfront, grunt_livestock
D:9:      zombieorc2_lemuel, minivault_14,
          nicolae_gozag_cash_rules_everything_around_me, uniq_erolcha

Skill      XL: |  1  2  3  4  5  6  7  8  9 10 |
---------------+-------------------------------+-----
Axes           | 4 5 6 7 8 9 10 | 10.8
Fighting       | 4 5 6 7 8 |  8.1
Armour         | 3 5 7 9 |  9.1
Dodging        | 3 4 5 |  5.4
Long Blades    | 5 6 |  6.2
Shields        | 1 3 4 |  4.2
Stealth        | 1 |  1.2

Action                   |  1- 3 |  4- 6 |  7- 9 | 10-12 || total
-------------------------+-------+-------+-------+-------++-------
Melee: Hand axe          |    73 |   121 |    41 |       ||   235
       Headbutt          |    10 |    24 |    62 |    30 ||   126
       Long sword        |       |       |   120 |       ||   120
       War axe           |       |       |   125 |   126 ||   251
Invok: Berserk           |       |     1 |       |     1 ||     2
       Burn Spellbooks   |       |       |     1 |       ||     1
       Brothers in Arms  |       |       |       |     1 ||     1
  Use: Potion            |       |     2 |       |       ||     2
       Scroll            |       |     2 |       |       ||     2
 Stab: Sleeping          |     1 |       |       |       ||     1
  Eat: Bread ration      |       |     1 |       |       ||     1
       Chunk             |       |     1 |     5 |       ||     6
       Fruit             |       |       |     6 |       ||     6
       Meat ration       |       |       |     1 |     1 ||     2
Armor: Animal skin       |    14 |     6 |       |       ||    20
       Ring mail         |       |    41 |    26 |       ||    67
       Scale mail        |       |       |    91 |    26 ||   117
Dodge: Dodged            |    54 |   101 |   164 |    44 ||   363
Block: Shield            |       |       |   105 |    78 ||   183
       Rpst.: Long sword |       |       |    16 |       ||    16
